 Seeded DCSS version 0.28.0-56-g4927b6849a (webtiles) character file.

Game seed: 10077074884737061911 (custom seed)

3403 tkbsonic5 the Sneak (level 9, -4/39 HPs)
             Began as a Spriggan Conjurer on Jan 26, 2023.
             Was a Believer of Qazlal.
             Killed by the air
             ... invoked by Gastronok
              (36 damage)
             ... on level 8 of the Dungeon.
             The game lasted 00:45:59 (9301 turns).

tkbsonic5 the Sneak (Spriggan Conjurer)             Turns: 9301, Time: 00:46:00

Health: -4/39      AC:  3    Str:  3    XL:     9   Next: 75%
Magic:  19/25      EV: 19    Int: 29    God:    Qazlal [**....]
Gold:   307        SH:  2    Dex: 14    Spells: 1/20 levels left

rFire   . . .      SeeInvis +   J - +6 Majin-Bo {vamp, MP+6 Int+6}
rCold   . . .      Faith    +   (shield currently unavailable)
rNeg    . . .      Spirit   .   a - +1 robe
rPois   .          Reflect  .   (helmet restricted)
rElec   .          Harm     .   (no cloak)
rCorr   +          Rampage  .   (gloves unavailable)
Will    +....                   (boots unavailable)
Stlth   +++.......              D - amulet of faith
HPRegen 0.13/turn               d - ring of flight
MPRegen 0.19/turn               v - ring of resist corrosion

@: brilliant, flying, very quick
A: very small, no large weapons, unfitting armour, see invisible, speed 3
a: Renounce Religion, Upheaval


You were on level 8 of the Dungeon.
You worshipped Qazlal.
Qazlal was pleased with you.
You visited 1 branch of the dungeon, and saw 8 of its levels.

You collected 307 gold pieces.

Inventory:

Hand Weapons
 c - a +0 dagger
 g - a +0 short sword
 j - a +0 dagger of venom
 p - a +1 long sword of protection
 s - a +0 antimagic spear
 y - a +0 shortbow
 F - a +0 war axe of electrocution
 H - a +3 falchion
 I - a +1 short sword of protection
 J - the +6 Majin-Bo (weapon) {vamp, MP+6 Int+6}
   (You acquired it on level 7 of the Dungeon)

   It occasionally heals its wielder for a portion of the damage dealt when they
   wound a living foe with it or with a spell.
   Its wielder's spells cost health as well as magical power.
   Int:       It affects your intelligence (+6).
   MP:        It affects your magic capacity (+6).
Missiles
 i - 54 arrows
 m - 14 poisoned darts
 n - a throwing net
 t - 54 bolts
 z - 5 boomerangs
 C - 8 curare-tipped darts
 G - a silver boomerang
Armour
 a - a +1 robe (worn)
 r - a +2 cloak
 w - a +0 robe
Magical Staves
 L - a staff of earth
Jewellery
 d - a ring of flight (left hand)
 v - a ring of resist corrosion (right hand)
 D - an amulet of faith (around neck)
Wands
 x - a wand of acid (10)
 A - a wand of flame (19)
 K - a wand of iceblast (11)
Potions
 b - a potion of flight
 e - 2 potions of attraction
 f - a potion of ambrosia {unknown}
 k - 5 potions of heal wounds
 l - a potion of cancellation {unknown}
 o - 2 potions of lignification {unknown}
 q - a potion of degeneration {unknown}
 u - a potion of haste {unknown}
 B - a potion of curing
 E - a potion of mutation


   Skills:
 + Level 4.5 Bows
 + Level 5.7 Dodging
 + Level 7.4 Stealth
 + Level 6.0 Spellcasting
 * Level 5.5 Conjurations
 + Level 4.6 Hexes
 * Level 4.5 Fire Magic
 * Level 1.8 Poison Magic
 * Level 4.4 Invocations
 + Level 3.6 Evocations


You had one spell level left.
You knew the following spells:

 Your Spells              Type           Power      Damage    Failure   Level
a - Magic Dart            Conj           100%       1d8       1%          1
b - Searing Ray           Conj           100%       2d8       1%          2
c - Dazzling Flash        Conj/Hex       100%       N/A       1%          3
d - Foxfire               Conj/Fire      100%       2x1d9     1%          1
e - Flame Wave            Conj/Fire      55%        2d11      7%          4
f - Sticky Flame          Conj/Fire      55%        2d7       7%          4
g - Conjure Flame         Conj/Fire      55%        6-21      2%          3
h - Sting                 Tmut/Pois      84%        1d7       3%          1

Your spell library contained the following spells:

 Spells                   Type           Power      Damage    Failure   Level
 Inner Flame              Hex/Fire       52%        N/A       2%          3
 Poisonous Vapours        Pois/Air       42%        N/A       6%          2
 Mephitic Cloud           Conj/Pois/Air  34%        N/A       6%          3
 Ignite Poison            Fire/Tmut/Pois 31%        N/A       7%          3
 Fulminant Prism          Conj/Hex       27%        3d14      7%          4
 Iskenderun's Battlesphe  Conj           58%        2d11      16%         5
 Iskenderun's Mystic Bla  Conj/Tloc      37%        2d9       19%         4
 Fireball                 Conj/Fire      27%        3d12      21%         5
 Olgreb's Toxic Radiance  Pois           29%        N/A       26%         4
 Freezing Cloud           Conj/Ice/Air   14%        6-21      58%         5
 Starburst                Conj/Fire      27%        6d9       73%         6
 Orb of Destruction       Conj           29%        9d9       99%         7
 Ignition                 Fire           25%        3d9       100%        8
 Necromutation            Tmut/Necr      6%         N/A       100%        8
 Death's Door             Necr           6%         N/A       100%        9


Dungeon Overview and Level Annotations

Branches:
Dungeon (8/15)             Temple (0/1) D:7
   Lair: D:8-11

Altars:
Ashenzari
Dithmenos
Hepliaklqana
Kikubaaqudgha
Makhleb
Qazlal
Xom

Annotations:
D:8 Gastronok


Innate Abilities, Weirdness & Mutations

You are very small and have problems with some larger weapons.
You are too small for most types of armour.
You have supernaturally acute eyesight. (SInv)
You cover ground extremely quickly. (Speed+++)


Message History

Casting: Foxfire (safe; 1% risk of failure)
Confirm with . or Enter, or press ? or * to list all spells.
Okay, then.
Aiming: Iceblast
Press: ? - help, Shift-Dir - straight line, f - you
Okay, then.
Casting: Foxfire (safe; 1% risk of failure)
Confirm with . or Enter, or press ? or * to list all spells.
Okay, then.
You feel clever all of a sudden.
Gastronok gurgles horribly!
Casting: Foxfire (safe; 1% risk of failure)
Confirm with . or Enter, or press ? or * to list all spells.
Okay, then.
Aiming: Iceblast
Press: ? - help, Shift-Dir - straight line, f - Gastronok
Aim: Gastronok, wearing a +2 hat of stealth The mass of ice explodes!
The iceblast engulfs Gastronok!
Gastronok is lightly wounded.
Unknown command.
Aiming: Iceblast
Press: ? - help, Shift-Dir - straight line, f/p - Gastronok
Aim: Gastronok, wearing a +2 hat of stealth (lightly wounded)
The mass of ice explodes!
The iceblast engulfs Gastronok!!
Gastronok is lightly wounded.
Aiming: Corrosive Bolt
Press: ? - help, Shift-Dir - straight line, f/p - Gastronok
Aim: Gastronok, wearing a +2 hat of stealth (lightly wounded, 100% to hit)
The bolt of acid hits Gastronok!
Gastronok is moderately wounded.
Unknown command.
Aiming: Corrosive Bolt
Press: ? - help, Shift-Dir - straight line, f/p - Gastronok
Aim: Gastronok, wearing a +2 hat of stealth (moderately wounded, 100% to hit)
The bolt of acid hits Gastronok!!
The acid corrodes Gastronok!
Gastronok is heavily wounded.
Gastronok waves his eye-stalks in wide circles.
The air twists around and strikes you!!!
Ouch! That really hurt!
You die...

....
#...###+########.......#
...
##...#...#......#.......#
..
+....#...+......#.......#
##...##.......# #.......#
#...##.≈≈..≈.#####.....#
#...[..≈..≈≈..#..'.....#
#.....≈≈..≈≈..#..#.....#
...#####.≈..≈≈...####.....#
........†°@.≈≈._.....######
.........≈..≈≈.......#
....>.w..≈≈..≈≈......#
..........≈≈..≈......#
####+####.≈≈).≈≈.....#
#.......≈≈..≈.....#
#.......≈≈..≈.....#
#..###'.≈≈..≈.....######
#..##...≈≈..≈≈.........#


You could see Gastronok (corroded).

Vanquished Creatures
  A manticore (D:7)
  2 hornets (D:7)
  Menkaure (D:4)
  An ice beast (D:5)
  An orc warrior (D:8)
  A black bear (D:4)
  2 necrophages (D:8)
  3 ogres
  A centaur (D:5)
  A kobold brigand (D:7)
  A wyvern zombie (D:8)
  A bullfrog (D:7)
  A gnoll sergeant (D:8)
  2 scorpions
  A water moccasin zombie (D:5)
  8 wights
  An electric eel (D:8)
  A centaur zombie (D:8)
  3 howler monkeys (D:8)
  A jelly (D:6)
  A bullfrog zombie (D:5)
  2 hounds (D:7)
  2 orc priests (D:7)
  A centaur skeleton (D:5)
  A gnoll shaman (D:7)
  6 iguanas
  4 orc wizards
  A killer bee zombie (D:4)
  16 gnolls
  3 adders
  A shadow imp (D:6)
  A white imp (D:6)
  4 dart slugs
  13 orcs
  5 bats
  10 endoplasms
  5 giant cockroaches
  8 goblins
  6 hobgoblins
  3 jackals (D:1)
  2 quokkas
  6 ball pythons
  3 frilled lizards (D:1)
  14 kobolds
  A quokka skeleton (D:4)
  7 rats
  A foxfire (D:8)
161 creatures vanquished.

Vanquished Creatures (others)
  483 foxfires
  4 withered plants
487 creatures vanquished.

Grand Total: 648 creatures vanquished

Notes
Turn   | Place    | Note
-------+----------+-------------------------------------------
     0 | D:1      | tkbsonic5 the Spriggan Conjurer began the quest for the
                  | Orb.
     0 | D:1      | Reached XP level 1. HP: 9/9 MP: 5/5
   269 | D:1      | Reached XP level 2. HP: 6/13 MP: 0/6
   274 | D:1      | Learned a level 2 spell: Searing Ray
  1089 | D:1      | Reached XP level 3. HP: 16/16 MP: 4/8
  1094 | D:1      | Learned a level 3 spell: Dazzling Flash
  1532 | D:2      | Found a shimmering altar of Xom.
  1546 | D:2      | Identified 4 scrolls of acquirement
  1546 | D:2      | Acquired a book of Fire
  1548 | D:2      | Acquired a book of Flames
  1550 | D:2      | Acquired the Reference Book on Unholy Confrontation
  1552 | D:2      | Acquired a Trismegistus Codex
  1556 | D:2      | Learned a level 1 spell: Foxfire
  1773 | D:2      | Reached skill level 4 in Stealth
  1960 | D:2      | Found the +7 Kryia's mail coat {PotionHeal*2 rC+}
  2106 | D:2      | Found a faded altar of an unknown god.
  2275 | D:3      | Reached XP level 4. HP: 21/21 MP: 2/10
  2597 | D:3      | Reached skill level 1 in Hexes
  2778 | D:3      | Found a burning altar of Makhleb.
  2799 | D:3      | Reached skill level 1 in Fire Magic
  2799 | D:3      | Reached XP level 5. HP: 24/24 MP: 0/11
  2938 | D:3      | Learned a level 4 spell: Flame Wave
  3216 | D:4      | Noticed an ogre
  3251 | D:4      | Killed an ogre
  3385 | D:4      | Reached XP level 6. HP: 28/28 MP: 4/13
  3497 | D:4      | Found a stormy altar of Qazlal.
  3510 | D:4      | Became a worshipper of Qazlal Stormbringer
  3627 | D:4      | Noticed Menkaure
  3647 | D:4      | Killed Menkaure
  3648 | D:4      | Reached skill level 5 in Stealth
  4016 | D:4      | Reached XP level 7. HP: 3/32 MP: 1/14
  4505 | D:4      | Learned a level 4 spell: Sticky Flame
  4599 | D:5      | Entered Level 5 of the Dungeon
  5135 | D:5      | Reached skill level 1 in Invocations
  5146 | D:5      | Reached skill level 1 in Bows
  5146 | D:5      | Reached skill level 1 in Evocations
  5157 | D:5      | Found an ancient bone altar of Kikubaaqudgha.
  5423 | D:5      | Found a hazy altar of Hepliaklqana.
  5640 | D:6      | Found a shadowy altar of Dithmenos.
  5681 | D:6      | Reached skill level 6 in Stealth
  5681 | D:6      | Reached skill level 5 in Spellcasting
  5681 | D:6      | Reached XP level 8. HP: 36/36 MP: 8/16
  6656 | D:7      | Noticed a hornet
  6788 | D:6      | Reached * piety under Qazlal
  7168 | D:7      | Found a staircase to the Ecumenical Temple.
  7664 | D:7      | Killed a hornet
  7664 | D:7      | Noticed a manticore
  7665 | D:7      | Reached skill level 5 in Dodging
  7665 | D:7      | Reached skill level 5 in Conjurations
  7782 | D:7      | Killed a manticore
  7783 | D:7      | Reached XP level 9. HP: 31/39 MP: 18/18
  7943 | D:7      | Learned a level 3 spell: Conjure Flame
  7986 | D:7      | Reached skill level 7 in Stealth
  8077 | D:7      | Learned a level 1 spell: Sting
  8252 | D:7      | Acquired the +6 Majin-Bo {vamp, MP+6 Int+6}
  8252 | D:7      | Found the +6 Majin-Bo {vamp, MP+6 Int+6}
  8824 | D:8      | Reached ** piety under Qazlal
  8956 | D:8      | Found a broken altar of Ashenzari.
  8973 | D:8      | Found a shimmering altar of Xom.
  9025 | D:8      | Reached skill level 1 in Poison Magic
  9295 | D:8      | Noticed Gastronok
  9301 | D:8      | Killed from afar by Gastronok

Illustrated notes

Levels and vault maps discovered:
D:1:      erik_arrival_blinker_ship, layout_basic
D:2:      layout_basic, basic_altar, basic_ecumenical_altar
D:3:      layout_basic, mainiacjoe_overflow_tiny_flanked
D:4:      layout_basic, mainiacjoe_overflow_surrounded_room, uniq_menkaure
D:5:      layout_basic, kiku_gazebo_garden_becter,
          worldfamousw_hep_ancestral_shrine, serial_glass, glass_columns_a,
          glass_columns_b, glass_columns_a, glass_columns_b, glass_columns_a,
          glass_columns_a
D:6:      layout_cave_pods, nicolae_dithmenos_the_darkroom, grunt_decor_cap,
          serial_bayou_crossing
D:7:      layout_cave_pools, minmay_temple_entry_large_hall
D:8:      layout_gridville, mainiacjoe_overflow_catch_the_wave,
          nicolae_overflow_hidden_temple, lair_entry_dummy, enter_bailey_3,
          serial_undead, serial_undead_a, serial_undead_d, serial_undead_f,
          serial_undead_b, uniq_gastronok

Skill      XL: |  1  2  3  4  5  6  7  8  9 |
---------------+----------------------------+-----
Conjurations   | 3 4 5 |  5.5
Spellcasting   | 3 4 5 6 |  6.0
Stealth        | 4 5 6 7 |  7.4
Dodging        | 3 4 5 |  5.7
Hexes          | 1 2 3 4 |  4.6
Fire Magic     | 1 2 3 4 |  4.5
Invocations    | 1 3 4 |  4.4
Bows           | 1 3 4 |  4.5
Evocations     | 1 2 3 |  3.6
Poison Magic   | 1 |  1.8

Action                   |  1- 3 |  4- 6 |  7- 9 || total
-------------------------+-------+-------+-------++-------
Melee: Dagger            |     6 |       |     1 ||     7
 Fire: Shortbow          |       |       |    37 ||    37
 Cast: Magic Dart        |    35 |     1 |     2 ||    38
       Searing Ray       |    10 |     7 |    11 ||    28
       Foxfire           |    39 |    81 |   181 ||   301
       Sticky Flame      |       |       |    10 ||    10
       Flame Wave        |       |       |     5 ||     5
       Dazzling Flash    |       |       |     4 ||     4
Invok: Upheaval          |       |       |     1 ||     1
Evoke: Wand              |       |       |    12 ||    12
  Use: Scroll            |     5 |       |     8 ||    13
       Potion            |       |     1 |     3 ||     4
 Stab: Sleeping          |     5 |       |     1 ||     6
Armor: Robe              |       |     1 |     4 ||     5
Dodge: Dodged            |     2 |     7 |    43 ||    52
Block: Other             |       |       |     3 ||     3
